 Dungeon Crawl Stone Soup version 0.29-a0-340-g6efceafd81 (webtiles) character file.

Game seed: 10260465470466913257

250 pascalblue the Grave Robber (level 5, 0/28 HPs)
             Began as a Deep Elf Necromancer on Apr 19, 2022.
             Slain by a gnoll
             ... wielding a +0 spear
              (5 damage)
             ... on level 4 of the Dungeon.
             The game lasted 00:11:11 (4367 turns).

pascalblue the Grave Robber (Deep Elf Necromancer)  Turns: 4367, Time: 00:11:12

Health: 0/28       AC:  5    Str:  5    XL:     5   Next: 88%
Magic:  5/14       EV: 12    Int: 22    God:
Gold:   136        SH:  0    Dex: 15    Spells: 1/14 levels left

rFire   . . .      SeeInvis .   o - +1 hand axe (elec)
rCold   . . .      Faith    .   (no shield)
rNeg    . . .      Spirit   .   a - +0 robe
rPois   .          Reflect  .   (no helmet)
rElec   .          Harm     .   (no cloak)
rCorr   .          Rampage  .   m - +2 pair of gloves
Will    .....                   (no boots)
Stlth   ++........              (no amulet)
HPRegen 0.09/turn               (no ring)
MPRegen 0.14/turn               (no ring)

@: no status effects
A: no striking features
a: no special abilities


You were on level 4 of the Dungeon.
You visited 1 branch of the dungeon, and saw 4 of its levels.

You collected 136 gold pieces.

Inventory:

Hand Weapons
 e - a +0 dagger
 o - a +1 hand axe of electrocution (weapon)
Missiles
 d - 6 poisoned darts
 g - 98 stones
Armour
 a - a +0 robe (worn)
 m - a +2 pair of gloves (worn)
Wands
 q - a wand of acid (13)
Scrolls
 c - a scroll of enchant weapon {unknown}
 f - 2 scrolls of teleportation
 s - a scroll of amnesia {unknown}
Potions
 b - a potion of magic
 h - 2 potions of attraction
 i - a potion of berserk rage {unknown}
 j - a potion of brilliance {unknown}
 k - a potion of flight
 l - 2 potions of curing
 n - a potion of might {unknown}
 r - a potion of ambrosia {unknown}
Miscellaneous
 p - a piece from Xom's chessboard (15/15)


   Skills:
 - Level 2.4 Dodging
 - Level 2.4 Stealth
 + Level 5.2 Spellcasting
 * Level 7.6 Necromancy


You had one spell level left.
You knew the following spells:

 Your Spells              Type           Power      Damage    Failure   Level
a - Pain                  Necr           100%       1d9       1%          1
b - Vampiric Draining     Necr           39%        2d8       1%          3
c - Animate Dead          Necr           19%        N/A       4%          4
d - Agony                 Necr           39%        N/A       12%         5

Your spell library contained the following spells:

 Spells                   Type           Power      Damage    Failure   Level
 Animate Skeleton         Necr           78%        N/A       1%          1


Dungeon Overview and Level Annotations

Branches:
Dungeon (4/15)
 Temple: D:4-7

Altars:
Cheibriados
Xom

Shops:
D:2 ?

Annotations:
D:4 2 runed translucent doors, hgbash's ghost, amateur GnEE


Message History

Found a long sword.
Hgbash's ghost turns its malevolent gaze towards you. 2 gnolls come into view.
A gnoll is wielding a +1 spear of flaming.
The gnoll shouts!
A gnoll comes into view. It is wielding a +0 spear.
Found a stone staircase leading up.
A gnoll comes into view. It is wielding a +0 halberd.
The gnoll shouts! x2
The gnoll shouts!
The gnoll barely misses you. The gnoll closely misses you.
Casting: Pain (safe; 1% risk of failure)
Confirm with . or Enter, or press ? or * to list all spells.
Aiming: Vampiric Draining (safe; 1% risk of failure)
Press: ? - help, Shift-Dir - straight line, f - gnoll
Aim: a gnoll, wielding a +1 spear of flaming You draw life force from the gnoll!
The gnoll closely misses you. The gnoll barely misses you.
Casting: Vampiric Draining (safe; 1% risk of failure)
Confirm with . or Enter, or press ? or * to list all spells.
Aiming: Vampiric Draining (safe; 1% risk of failure)
Press: ? - help, Shift-Dir - straight line, f/p - gnoll
Aim: a gnoll, wielding a +1 spear of flaming (heavily wounded)
You draw life force from the gnoll!
You kill the gnoll!
The gnoll hits you from afar with a +0 spear.
The gnoll hits you from afar with a +0 halberd!
The gnoll hits you from afar with a +0 spear.
* * * LOW HITPOINT WARNING * * *
The gnoll closely misses you.
Casting: Vampiric Draining (safe; 1% risk of failure)
Confirm with . or Enter, or press ? or * to list all spells.
Aiming: Vampiric Draining (safe; 1% risk of failure)
Press: ? - help, Shift-Dir - straight line, f - gnoll
Aim: a gnoll, wielding a +0 halberd You draw life force from the gnoll!
You feel life coursing into your body. The gnoll closely misses you.
The gnoll hits you with a +0 halberd!
* * * LOW HITPOINT WARNING * * *
The gnoll hits you from afar with a +0 spear.
You die...

##..........###
#............##
#.............#
#.............#
#.............# ##
#.............## #.##
...............# ##...##
..##...........###.....##
###.......##.@)......#
###....#####gg.....##
####.# #.g........ ##
#.........# #......$...#
#.........## #.........#
#.........# ##........#


You could see 3 gnolls.

Vanquished Creatures
  An orc priest (D:4)
  An iguana (D:4)
  Natasha (thrice) (D:3)
  A gnoll (D:4)
  4 adders (D:3)
  A worm (D:2)
  4 dart slugs
  6 orcs (D:4)
  5 ball pythons
  5 endoplasms
  A giant cockroach (D:1)
  3 goblins
  5 hobgoblins
  3 quokkas
  5 bats
  A frilled lizard (D:2)
  10 kobolds
  2 rats
61 creatures vanquished.

Notes
Turn   | Place    | Note
-------+----------+-------------------------------------------
     0 | D:1      | pascalblue the Deep Elf Necromancer began the quest for the
                  | Orb.
     0 | D:1      | Reached XP level 1. HP: 10/10 MP: 6/6
   265 | D:1      | Reached skill level 5 in Necromancy
   547 | D:1      | Reached XP level 2. HP: 6/15 MP: 4/8
  1652 | D:2      | Reached XP level 3. HP: 18/19 MP: 8/10
  1817 | D:2      | Found Hita's Magic Scroll Boutique.
  1884 | D:2      | Learned a level 3 spell: Vampiric Draining
  2772 | D:3      | Reached skill level 6 in Necromancy
  2865 | D:3      | Noticed Natasha
  2872 | D:3      | Killed Natasha
  2873 | D:3      | Reached XP level 4. HP: 21/24 MP: 8/12
  2878 | D:3      | Learned a level 4 spell: Animate Dead
  2912 | D:3      | Found a shimmering altar of Xom.
  3093 | D:3      | Noticed Natasha
  3099 | D:3      | Killed Natasha
  3150 | D:3      | Noticed Natasha
  3158 | D:3      | HP: 1/24 [white imp/puff of frost[Natasha] (4)]
  3308 | D:3      | Killed Natasha
  3309 | D:3      | Reached XP level 5. HP: 17/28 MP: 8/14
  3430 | D:3      | Learned a level 5 spell: Agony
  3442 | D:3      | Reached skill level 7 in Necromancy
  3728 | D:3      | Found a snail-covered altar of Cheibriados.
  3823 | D:3      | Found a faded altar of an unknown god.
  4121 | D:4      | Reached skill level 5 in Spellcasting
  4326 | D:4      | Found a large runed translucent door.
  4326 | D:4      | Found a large runed translucent door.
  4327 | D:4      | Noticed hgbash's ghost (amateur GnEE)
  4367 | D:4      | Slain by a gnoll

Illustrated notes

Levels and vault maps discovered:
D:1:      onia_arrival_pentagram, layout_basic
D:2:      layout_basic, serial_shops, shop
D:3:      layout_rooms, kennysheep_slug_shrine, xom_butterflies,
          hellmonk_ecumenical_altar_crossroads, serial_park_tiny_2, uniq_natasha
D:4:      layout_cave_pods, ebering_ghost_disaster_area, grunt_ministairs_15

Skill      XL: |  1  2  3  4  5 |
---------------+----------------+-----
Necromancy     | 5 6 7 |  7.6
Spellcasting   | 4 5 |  5.2
Dodging        | |  2.4
Stealth        | |  2.4

Action                   |  1- 3 |  4- 6 || total
-------------------------+-------+-------++-------
 Cast: Pain              |    73 |    49 ||   122
       Animate Dead      |       |     3 ||     3
       Vampiric Draining |       |    10 ||    10
  Use: Scroll            |       |     7 ||     7
Armor: Robe              |     5 |     6 ||    11
Dodge: Dodged            |    13 |    24 ||    37

Table legend: (Time is in decaauts)
 A = Elapsed time spent in this place.
 B = Non-inter-level travel time spent in this place.
 C = Inter-level travel time spent in this place.
 D = Time resting spent in this place.
 E = Time spent auto-exploring this place.
 F = Levels seen in this place.
 G = Mean time per level.
                   A        B        C        D        E       F      G
               +--------+--------+--------+--------+--------+-----+--------+
         Total |   4375 |   4301 |     74 |    515 |   3280 |   4 | 1093.8 |
       Dungeon |   4375 |   4301 |     74 |    515 |   3280 |   4 | 1093.8 |
               +--------+--------+--------+--------+--------+-----+--------+

Top non-repeatable levels by time:
     D:1: 1510 daAuts
     D:3: 1284 daAuts
     D:2: 1172 daAuts
     D:4: 408 daAuts
